 Dungeon Crawl Stone Soup version 0.22-a0-422-g9628fc8 (webtiles) character file.

823 KristoblXynda the Gusty (level 7, 0/79 HPs)
             Began as a Yellow Draconian Air Elementalist on May 16, 2018.
             Was an Initiate of Ashenzari.
             Slain by galech's ghost (5 damage)
             ... on level 5 of the Dungeon.
             The game lasted 00:13:30 (6120 turns).

KristoblXynda the Gusty (DrAE)                      Turns: 6120, Time: 00:13:31

Health: 0/79       AC: 23    Str: 18    XL:     7   Next: 63%
Magic:  0/14       EV:  2    Int: 18    God:    Ashenzari [......]
Gold:   161        SH:  0    Dex: 11    Spells: 11/15 levels left

rFire    + . .     SeeInvis .   n - +4 short sword of Due Proportion {elec, Str+3}
rCold    + . .     Gourm    .   (no shield)
rNeg     + + +     Faith    .   (armour unavailable)
rPois    +         Spirit   .   (helmet currently unavailable)
rElec    +         Reflect  .   (cloak currently unavailable)
rCorr    +         Harm     .   (gloves currently unavailable)
MR       +....     NoTele   +   (boots currently unavailable)
Stlth    ++........             (no amulet)
HPRegen  0.23/turn              k - ring of protection from magic
MPRegen  0.14/turn              (no ring)

@: mighty, tree-form (expiring), resistant
A: (spit acid), (acid resistance), unfitting armour, AC +6
a: Curse Item, Renounce Religion


You were on level 5 of the Dungeon.
You worshipped Ashenzari.
Ashenzari was noncommittal.
You were hungry.
You were a tree.
You visited 1 branch of the dungeon, and saw 5 of its levels.

You collected 249 gold pieces.
You spent 88 gold pieces at shops.

Inventory:

Hand Weapons
 n - the +4 short sword of Due Proportion (weapon) {elec, Str+3}
   (You found it on level 5 of the Dungeon)

   Occasionally, upon striking a foe, it will discharge some electrical energy
   and cause terrible harm.
   It affects your strength (+3).
 o - a +0 hand axe of flaming
Missiles
 a - a throwing net (quivered)
Armour
 e - a +0 pair of boots (melded)
 r - a +0 pair of gloves (melded)
Jewellery
 d - an uncursed amulet of faith
 k - a ring of protection from magic (left branch)
Wands
 s - a wand of acid (4)
Scrolls
 j - a scroll of amnesia
Potions
 c - 4 potions of curing
 f - a potion of cancellation
 i - 2 potions of mutation
 m - a potion of brilliance
Comestibles
 b - 11 rations
 p - a chunk of flesh


   Skills:
 + Level 1.8 Fighting
 - Level 1.7 Dodging
 - Level 1.7 Stealth
 + Level 4.8 Spellcasting
 + Level 4.7 Conjurations
 + Level 5.6 Air Magic


You had 11 spell levels left.
You knew the following spells:

 Your Spells              Type           Power        Failure   Level  Hunger
a - Shock                 Conj/Air       ###.         1%          1    None
b - Static Discharge      Conj/Air       ###.....     4%          3    ###....

Your spell library contained the following spells:

 Spells                   Type           Power        Failure   Level  Hunger
 Lightning Bolt           Conj/Air       ###.......   41%         5    ######.
 Swiftness                Chrm/Air       ##......     6%          2    #......
 Airstrike                Air            ###.......   13%         4    ####...


Dungeon Overview and Level Annotations

Branches:
Dungeon (5/15)
 Temple: D:4-7

Altars:
Ashenzari
Dithmenos
Hepliaklqana
Okawaru
Uskayaw

Shops:
D:4 [!((!

Annotations:
D:3 Sigmund
D:5 galech's ghost, novice GnWn


Innate Abilities, Weirdness & Mutations

((You can spit globs of acid.))
((You are resistant to acid.))
((Your golden yellow scales are hard. (AC +6)))
You cannot fit into any form of body armour.
((You are cold-blooded and may be slowed by cold attacks.))


Message History

The jackal bites the plant but does no damage.
Galech's ghost hits you but does no damage.
The crimson imp shouts, "Fly, thou droning moldwarp vulture!"
The crimson imp barely misses you.
The jackal bites the plant but does no damage.
Galech's ghost hits you.
* * * LOW HITPOINT WARNING * * *
You hit galech's ghost.
Galech's ghost is almost destroyed.
The crimson imp hits you but does no damage.
The jackal bites the plant but does no damage.
Galech's ghost gestures at you while chanting.
The flame tongue hits you! You resist.
* * * LOW HITPOINT WARNING * * *
The crimson imp blinks!
Unknown command.
You closely miss galech's ghost.
Galech's ghost is almost destroyed.
The jackal bites the plant.
Galech's ghost hits you.
You die...

†..≈≈≈≈≈≈≈P≈≈≈.P≈≈..............)
...≈≈≈≈≈≈≈≈≈≈≈P≈≈≈≈...Ph≈.≈..≈...
#....≈.≈≈≈≈≈≈≈≈≈≈≈≈≈.≈P≈≈≈≈≈≈.≈P≈
#......≈≈P≈≈≈≈≈≈≈≈≈≈≈≈≈≈≈≈≈≈≈≈≈≈≈
#####..≈.≈P≈≈≈≈≈≈≈≈≈≈≈P≈≈≈≈≈≈≈≈≈≈
* ##..≈≈.≈≈≈.≈≈..≈≈≈≈P≈≈≈≈≈≈≈≈≈ #
##........≈..........P.≈≈.≈#
######..#####..§.................
.......## #.#W♣........####.###
......## #...##5..##..# #....
......# #####8...8#..# #.###
.....[# ##...##..# #.# ......#
#...##### #.# ......# *#...#* #.#
####### *8,,,8* #.# # **,,,*#**
###.### # *,,,*#8###8#...#


You could see galech's ghost, a crimson imp and a jackal.

Vanquished Creatures
  A phantom (D:4)
  An ogre (D:4)
  Blork the orc (D:5)
  3 scorpions
  A howler monkey (D:4)
  Ijyb (D:5)
  An orc priest (D:3)
  A hound (D:5)
  An orc wizard (D:3)
  2 worker ants (D:5)
  A hound zombie (D:4)
  Robin (D:3)
  4 gnolls (D:5)
  A howler monkey skeleton (D:4)
  6 adders
  An ooze (D:2)
  5 worms
  A dart slug (D:1)
  6 leopard geckos
  5 orcs (D:3)
  2 ball pythons
  3 giant cockroaches
  16 goblins
  8 hobgoblins
  A jackal (D:5)
  2 quokkas
  9 bats
  4 frilled lizards
  7 kobolds
  A leopard gecko zombie (D:5)
  12 rats
109 creatures vanquished.

Vanquished Creatures (others)
  A plant (D:4)
1 creature vanquished.

Grand Total: 110 creatures vanquished

Notes
Turn   | Place    | Note
-------+----------+-------------------------------------------
     0 | D:1      | KristoblXynda the Draconian Air Elementalist began the quest for the Orb.
     0 | D:1      | Reached XP level 1. HP: 14/14 MP: 3/3
   346 | D:1      | Reached XP level 2. HP: 20/20 MP: 0/5
  1301 | D:2      | Reached XP level 3. HP: 18/26 MP: 3/6
  1567 | D:2      | Found a shattered altar of Ashenzari.
  1567 | D:2      | Found a shadowy altar of Dithmenos.
  1571 | D:2      | Became a worshipper of Ashenzari the Shackled
  2454 | D:2      | Reached XP level 4. HP: 7/33 MP: 1/8
  2595 | D:2      | Learned a level 3 spell: Static Discharge
  3150 | D:3      | Reached skill level 4 in Air Magic
  3183 | D:3      | Reached XP level 5. HP: 29/38 MP: 0/9
  3491 | D:3      | Noticed Robin
  3510 | D:3      | Killed Robin
  3679 | D:3      | Noticed Sigmund
  4398 | D:4      | Found Niahaon's Distillery.
  4400 | D:4      | Found Daaloerr's Weapon Boutique.
  4410 | D:4      | Bought a +0 hand axe of flaming for 88 gold pieces
  4417 | D:4      | Found Wyenugij's Antique Weapon Shoppe.
  4465 | D:4      | Noticed an ogre
  4498 | D:4      | Reached XP level 6. HP: 37/45 MP: 2/11
  4561 | D:4      | Found a hide-covered altar of Uskayaw.
  4561 | D:4      | Found a hazy altar of Hepliaklqana.
  4561 | D:4      | Found an iron altar of Okawaru.
  4649 | D:4      | Found Caytham's Distillery.
  4711 | D:4      | Found Acsubaf's Antique Armour Emporium.
  4864 | D:4      | Reached skill level 5 in Air Magic
  5137 | D:5      | Entered Level 5 of the Dungeon
  5161 | D:5      | Noticed Ijyb
  5168 | D:5      | Killed Ijyb
  5168 | D:5      | Your scales start taking on a golden yellow colour.
  5168 | D:5      | Reached XP level 7. HP: 50/50 MP: 5/13
  5355 | D:5      | Noticed galech's ghost (novice GnWn)
  5418 | D:5      | Got the short sword of Due Proportion {elec, Str+3}
  5420 | D:5      | Identified the +4 short sword of Due Proportion {elec, Str+3} (You found it on level 5 of the Dungeon)
  5512 | D:5      | Noticed Blork the orc
  5520 | D:5      | Killed Blork the orc
  5706 | D:5      | Reached skill level 1 in Fighting
  6120 | D:5      | Slain by galech's ghost

Vault maps used:
D:1:      lightli_arrival_boilingwater
D:2:      gammafunk_temple_overflow_wave, minmay_tall_x
D:3:      cheibrodos_pilgrimage, st_stairs_1, minmay_close_crescents,
          uniq_robin, uniq_sigmund
D:4:      gammafunk_temple_overflow_forgotten, first_ration, serial_shops,
          shop_fountains, nicolae_shop_statue_plus, shop, shop_fountains, shop
D:5:      serial_corexii_hall, corexii_hall_statues_t, corexii_hall_statues_l,
          chequers_big_river, uniq_pikel, uniq_blork_the_orc, uniq_ijyb

Skill      XL: |  1  2  3  4  5  6  7 |
---------------+----------------------+-----
Conjurations   | 2 3 4 |  4.7
Spellcasting   | 3 4 |  4.8
Air Magic      | 4 5 |  5.6
Fighting       | 1 |  1.8
Dodging        | |  1.7
Stealth        | |  1.7

Action                   |  1- 3 |  4- 6 |  7- 9 || total
-------------------------+-------+-------+-------++-------
Melee: Unarmed           |    30 |       |       ||    30
       Tailslap          |     7 |    15 |     1 ||    23
       Dagger            |    66 |   107 |       ||   173
       Hand axe          |       |    21 |     6 ||    27
       Short sword       |       |       |    28 ||    28
 Cast: Shock             |    77 |    85 |    46 ||   208
       Static Discharge  |       |       |     5 ||     5
 Abil: Breathe Acid      |       |       |     2 ||     2
  Use: Scroll            |       |     7 |     4 ||    11
       Potion            |       |       |     5 ||     5
 Stab: Sleeping          |     1 |     2 |       ||     3
  Eat: Chunk             |     5 |     2 |     3 ||    10
       Ration            |       |     2 |       ||     2
Armor: Skin              |    52 |    41 |    95 ||   188
Dodge: Dodged            |    85 |    77 |    26 ||   188

Table legend:
 A = Spawn XP
 B = Non-spawn XP
 C = Spawn XP percentage of total XP
 D = Spawn monster count
 E = Non-spawn monster count
 F = Spawn count percentage of total count
 G = Total turns spent on level
                    A         B        C        D         E        F      G
               +---------+---------+-------+---------+---------+-------+---------
         Total |       0 |    1176 |   0.0 |       0 |     109 |   0.0 |  6120
               +---------+---------+-------+---------+---------+-------+---------
           D:1 |       0 |      30 |   0.0 |       0 |      15 |   0.0 |  1171
           D:2 |       0 |      75 |   0.0 |       0 |      27 |   0.0 |  1710
           D:3 |       0 |     192 |   0.0 |       0 |      42 |   0.0 |  1452
           D:4 |       0 |     415 |   0.0 |       0 |       8 |   0.0 |   804
           D:5 |       0 |     464 |   0.0 |       0 |      17 |   0.0 |   983
               +---------+---------+-------+---------+---------+-------+---------
